 Dungeon Crawl Stone Soup version 0.30-a0-919-g9323dee000 (webtiles) character file.

Game seed: 1451566939316544125

1567 Conn the Magician (level 8, 0/49 HPs)
             Began as an Octopode Fire Elementalist on Mar 21, 2023.
             Slain by an ice beast (14 damage)
             ... on level 7 of the Dungeon.
             The game lasted 00:07:51 (5704 turns).

Conn the Magician (Octopode Fire Elementalist)      Turns: 5704, Time: 00:07:52

Health: 0/49       AC:  1    Str:  8    XL:     8   Next: 90%
Magic:  9/17       EV: 15    Int: 25    God:
Gold:   378        SH:  0    Dex: 24    Spells: 9/19 levels left

rFire   . . .      SeeInvis .    h - +3 dagger (holy)
rCold   . . .      Faith    .    (no shield)
rNeg    . . .      Spirit   .    (helmet restricted)
rPois   .          Reflect  .    (no amulet)
rElec   .          Rampage  .    e - +6 ring of intelligence
rCorr   .                        l - +6 ring of dexterity
Will    .....                    s - +6 ring of dexterity
Stlth   +++++                    (no ring)
HPRegen 0.28/turn                (no ring)
MPRegen 0.15/turn                (no ring)
                                 (no ring)
                                 (no ring)

@: no status effects
A: almost no armour, amphibious, 8 rings, camouflage 1, gelatinous body 1,
(nimble swimmer 1), tentacles
a: no special abilities


You were on level 7 of the Dungeon.
You visited 2 branches of the dungeon, and saw 8 of its levels.

You collected 378 gold pieces.

Inventory:

Hand Weapons
 c - a +0 dagger of flaming
 h - a +3 dagger of holy wrath (weapon)
Jewellery
 e - a +6 ring of intelligence (left tentacle)
 l - a +6 ring of dexterity (right tentacle)
 s - a +6 ring of dexterity (on tentacle)
Scrolls
 b - 7 scrolls of identify {unknown}
 g - a scroll of poison {unknown}
 i - a scroll of fog {unknown}
 k - a scroll of amnesia {unknown}
 n - 2 scrolls of teleportation {unknown}
 p - a scroll of blinking {unknown}
 q - a scroll of vulnerability {unknown}
 v - a scroll of fear {unknown}
 y - a scroll of magic mapping {unknown}
 A - a scroll of silence {unknown}
Potions
 a - a potion of magic
 d - 2 potions of heal wounds {unknown}
 f - 3 potions of haste {unknown}
 j - a potion of degeneration {unknown}
 m - a potion of might {unknown}
 o - 2 potions of berserk rage {unknown}
 r - 5 potions of mutation {unknown}
 t - a potion of lignification {unknown}
 u - a potion of curing {unknown}
 w - a potion of flight {unknown}
 x - a potion of ambrosia {unknown}
 z - a potion of invisibility {unknown}


   Skills:
 + Level 1.7 Fighting
 + Level 2.0 Short Blades
 + Level 3.0 Dodging
 + Level 5.9 Stealth
 + Level 0.1 Unarmed Combat
 * Level 6.2 Spellcasting
 * Level 4.8 Conjurations
 + Level 0.1 Hexes
 + Level 5.4 Fire Magic


You had 9 spell levels left.
You knew the following spells:

 Your Spells              Type           Power      Damage    Failure   Level
a - Foxfire               Conj/Fire      100%       2x1d9     1%          1
b - Flame Wave            Conj/Fire      33%        2d10      9%          4
c - Inner Flame           Hex/Fire       21%        N/A       7%          3
e - Scorch                Fire           70%        2d9       1%          2

Your spell library contained the following spells:

 Spells                   Type           Power      Damage    Failure   Level
 Kindle Blastsparks       Fire/Tloc/Air  32%        2d12      11%         3


Dungeon Overview and Level Annotations

Branches:
Dungeon (7/15)             Temple (1/1) D:5

Altars:
Ashenzari
Cheibriados
Elyvilon
Fedhas
Gozag
Hepliaklqana
Kikubaaqudgha
Nemelex Xobeh
Okawaru
Qazlal
Ru
Trog
Uskayaw
Vehumet
Wu Jian
Xom
Yredelemnul
Zin
The Shining One


Innate Abilities, Weirdness & Mutations

You cannot wear most types of armour.
You are amphibious.
You can wear up to eight rings at the same time.
Your skin changes colour to match your surroundings (Stealth+).
Your rubbery body absorbs attacks. (AC +1, EV +1)
((You are camouflaged when in or above water. (Stealth+)))
You have tentacles for arms and can constrict up to eight enemies at once.


Message History

Found a leather armour.
You see here a +0 whip of draining.
You see here a +0 whip of draining.
There is an escape hatch in the ceiling here.
Done exploring.
Done exploring.
(D) Dungeon (T) Temple
Where to? (Enter - D:6, ? - help)
There is a stone staircase leading down here.
You climb downwards.
Found a coppery potion and 10 gold pieces.
Found an escape hatch in the ceiling.
There is a stone staircase leading up here.
There are monsters nearby!
Casting: Foxfire (safe; 1% risk of failure)
Confirm with . or Enter, or press ? or * to list all spells.
Flames lash the ice beast.
The ice beast melts!
The ice beast is lightly wounded.
The ice beast's fire resistance burns away.
The wyvern hisses angrily.
The ice beast hits you. The ice beast freezes you!
Casting: Scorch (safe; 1% risk of failure)
Confirm with . or Enter, or press ? or * to list all spells.
Flames lash the ice beast.
The ice beast is moderately wounded.
The ice beast hits you. The ice beast freezes you!
Unknown command.
Casting: Scorch (safe; 1% risk of failure)
Confirm with . or Enter, or press ? or * to list all spells.
Casting: Flame Wave (dangerous; 9% risk of failure)
Press: ? - help, Dir - look around, f - activate A wave of flame ripples out!
The flame wave engulfs the ice beast!
The ice beast melts!
The ice beast is severely wounded. (Press . to intensify the flame waves.)
You hear a shout!
The ice beast hits you.
* * * LOW HITPOINT WARNING * * *
The ice beast freezes you!
You die...

.... ###+# #
#...........### #
#...#.#.#.#.#.#.#
#...............
...#.#.#.#.#.# #
.....l.....
#...#.#$#.#!#.#.#
#.....Y@.<.......
#####.#.#.#.#.#.#
# ###.# .# ... ..
.<.. .. ...... .#
....... #
.5.......


You could see a wyvern and an ice beast (combustible).

Vanquished Creatures
  A two-headed ogre (D:6)
  A black bear (D:4)
  An ogre (D:5)
  2 phantoms
  2 scorpions (D:6)
  A howler monkey (D:5)
  2 jellies
  Crazy Yiuf (D:4)
  4 hounds
  3 iguanas
  An orc wizard (D:3)
  4 gnolls
  7 adders
  An ufetubus (D:5)
  2 worms
  A dart slug (D:5)
  8 orcs
  13 endoplasms
  3 giant cockroaches
  8 goblins
  8 hobgoblins
  4 jackals (D:1)
  7 ball pythons
  3 bats
  4 frilled lizards
  5 kobolds
  14 rats
111 creatures vanquished.

Vanquished Creatures (others)
  294 foxfires
294 creatures vanquished.

Grand Total: 405 creatures vanquished

Notes
Turn   | Place    | Note
-------+----------+-------------------------------------------
     0 | D:1      | Conn the Octopode Fire Elementalist began the quest for the
                  | Orb.
     0 | D:1      | Reached XP level 1. HP: 11/11 MP: 3/3
    57 | D:1      | Reached XP level 2. HP: 10/17 MP: 0/5
   126 | D:1      | Learned a level 2 spell: Scorch
   629 | D:1      | Reached XP level 3. HP: 21/21 MP: 3/6
   635 | D:1      | Learned a level 3 spell: Inner Flame
   898 | D:1      | Found a faded altar of an unknown god.
  1647 | D:3      | Reached XP level 4. HP: 27/27 MP: 4/8
  1829 | D:3      | Reached skill level 3 in Spellcasting
  1831 | D:3      | Reached skill level 1 in Fighting
  1831 | D:3      | Reached XP level 5. HP: 32/33 MP: 3/9
  2603 | D:4      | Found a runed translucent door.
  2604 | D:4      | Noticed Crazy Yiuf
  2611 | D:4      | Killed Crazy Yiuf
  2720 | D:4      | Noticed a black bear
  2724 | D:4      | Killed a black bear
  2725 | D:4      | Reached XP level 6. HP: 16/38 MP: 5/11
  3269 | D:4      | Reached skill level 4 in Spellcasting
  3570 | D:5      | Entered Level 5 of the Dungeon
  3712 | D:5      | Reached XP level 7. HP: 43/43 MP: 9/13
  4006 | D:5      | Reached skill level 1 in Short Blades
  4058 | D:5      | Found a staircase to the Ecumenical Temple.
  4067 | Temple   | Entered the Ecumenical Temple
  4448 | D:5      | Learned a level 4 spell: Flame Wave
  4587 | D:6      | Reached skill level 5 in Spellcasting
  4594 | D:6      | Reached skill level 5 in Stealth
  4594 | D:6      | Reached XP level 8. HP: 48/48 MP: 8/15
  4651 | D:6      | Found a stormy altar of Qazlal.
  4653 | D:6      | Noticed a two-headed ogre
  4662 | D:6      | Killed a two-headed ogre
  4663 | D:6      | Reached skill level 6 in Spellcasting
  4663 | D:6      | Reached skill level 5 in Fire Magic
  5699 | D:7      | Noticed a wyvern
  5704 | D:7      | Slain by an ice beast

Illustrated notes

Levels and vault maps discovered:
D:1:      heliophobic_arrival_ceremonial_halls, layout_loops_cross,
          chequers_ecumenical_altar_grove, minivault_27
D:2:      layout_basic, minmay_misc_feat_enclosed
D:3:      layout_basic
D:4:      layout_cave_pods, uniq_crazy_yiuf_cottage
D:5:      layout_basic, minmay_temple_entry_poolview, supply_closet_lemuel
D:6:      layout_basic, nicolae_qazlal_scattered_showers
D:7:      minmay_inner_zag, layout_basic, st_stairs_12, uniq_joseph
Temple:   compressed_dpeg_circular_temple

Skill      XL: |  1  2  3  4  5  6  7  8 |
---------------+-------------------------+-----
Stealth        | 3 4 5 |  5.9
Spellcasting   | 3 4 5 6 |  6.2
Fighting       | 1 |  1.7
Fire Magic     | 4 5 |  5.4
Conjurations   | 2 3 4 |  4.8
Short Blades   | 1 2 |  2.0
Dodging        | 3 |  3.0
Unarmed Combat | |  0.1
Hexes          | |  0.1

Action                     |  1- 3 |  4- 6 |  7- 9 || total
---------------------------+-------+-------+-------++-------
  Melee: Unarmed           |    12 |       |       ||    12
         Tentacles         |     3 |     5 |     8 ||    16
         Constrict         |     8 |     4 |     5 ||    17
         Dagger            |    15 |    21 |    24 ||    60
         Punch             |       |       |     1 ||     1
   Cast: Foxfire           |    56 |    66 |    48 ||   170
         Scorch            |     2 |     5 |     6 ||    13
         Inner Flame       |       |     2 |       ||     2
         Flame Wave        |       |       |     3 ||     3
   Stab: Sleeping          |     5 |     6 |     2 ||    13
 Armour: Skin              |     2 |     5 |       ||     7
  Dodge: Dodged            |    22 |    19 |    18 ||    59

Table legend: (Time is in decaauts)
 A = Elapsed time spent in this place.
 B = Non-inter-level travel time spent in this place.
 C = Inter-level travel time spent in this place.
 D = Time resting spent in this place.
 E = Time spent auto-exploring this place.
 F = Levels seen in this place.
 G = Mean time per level.
                   A        B        C        D        E       F      G
               +--------+--------+--------+--------+--------+-----+--------+
         Total |   5699 |   5587 |    112 |      0 |   4532 |   8 |  712.4 |
       Dungeon |   5624 |   5512 |    112 |      0 |   4503 |   7 |  803.4 |
        Temple |     74 |     74 |      0 |      0 |     29 |   1 |   74.0 |
               +--------+--------+--------+--------+--------+-----+--------+

Top non-repeatable levels by time:
     D:6: 1252 daAuts
     D:4: 1082 daAuts
     D:1: 1019 daAuts
     D:3: 851 daAuts
     D:5: 800 daAuts
     D:2: 613 daAuts
  Temple: 74 daAuts
     D:7: 4 daAuts
